 Dungeon Crawl Stone Soup version 0.22-a0-570-g58866f5d57 (webtiles) character file.

1283 Foic the Cudgeler (level 8, 0/79 HPs)
             Began as a Troll Berserker on June 30, 2018.
             Was a Priest of Trog.
             Splashed by a jelly's acid (2 damage)
             ... on level 5 of the Dungeon.
             The game lasted 00:10:26 (3192 turns).

Foic the Cudgeler (Troll Berserker)                 Turns: 3192, Time: 00:10:27

Health: 0/79       AC: -7    Str: 28    XL:     8   Next: 29%
Magic:  7/7        EV: 11    Int:  3    God:    Trog [***...]
Gold:   280        SH:  0    Dex:  9    Spells: 7/7 levels left

rFire    . . .     SeeInvis .   m - +5 mace (holy)
rCold    + . .     Gourm    +   (no shield)
rNeg     + . .     Faith    .   b - +0 animal skin
rPois    .         Spirit   .   (helmet restricted)
rElec    .         Reflect  .   (no cloak)
rCorr    .         Harm     .   (gloves unavailable)
MR       ++...                  (boots unavailable)
Stlth    +.........             (no amulet)
HPRegen  1.63/turn              e - ring of protection from cold
MPRegen  0.10/turn              f - ring of positive energy

@: corroded, berserk cooldown, regenerating, slowed, very slow
A: large, unfitting armour, claws 3, fast metabolism 3, gourmand, regeneration
1, shaggy fur 1, tough skin 2
a: Berserk, Trog's Hand, Renounce Religion


You were on level 5 of the Dungeon.
You worshipped Trog.
Trog was most pleased with you.
You were very full.

You visited 1 branch of the dungeon, and saw 5 of its levels.

You collected 280 gold pieces.

Inventory:

Hand Weapons
 a - a +1 mace
 m - a +5 mace of holy wrath (weapon)
Missiles
 g - 134 stones (quivered)
 h - 7 tomahawks
Armour
 b - a +0 animal skin (worn)
Jewellery
 d - an uncursed ring of wizardry
 e - a ring of protection from cold (left claw)
 f - a ring of positive energy (right claw)
 i - a cursed amulet of inaccuracy {unknown}
 s - an uncursed ring of protection from fire {unknown}
Wands
 v - a wand of random effects (26)
Scrolls
 l - 2 scrolls of amnesia {unknown}
 n - a scroll of enchant weapon
 o - a scroll of fear {unknown}
 p - a scroll of noise {unknown}
 q - a scroll of remove curse {unknown}
 t - a scroll of identify
 u - a scroll of blinking
Potions
 j - 2 potions of curing
 k - 2 potions of flight
 w - 2 potions of heal wounds {unknown}
Comestibles
 c - 9 rations


   Skills:
 + Level 4.7 Fighting
 + Level 7.0 Maces & Flails
 + Level 4.6 Dodging
 + Level 0.9 Stealth


You had 7 spell levels left.
You didn't know any spells.
Your spell library was empty.

Dungeon Overview and Level Annotations

Branches:
Dungeon (5/15)
 Temple: D:4-7

Altars:
Ashenzari
Makhleb
Nemelex Xobeh
Beogh

Shops:
D:4 (

Annotations:
D:3 3 runed doors, NoiZ's ghost, amateur MiFi
D:5 Menkaure


Innate Abilities, Weirdness & Mutations

You are too large for most types of armour.
You have claws for hands.
Your metabolism is lightning-fast.
You like to eat raw meat.
Your natural rate of healing is unusually fast.
You are covered in fur. (AC +1)
You have very tough skin. (AC +2)


Message History

The acid burns!
The howler monkey barely misses you.
You barely miss the jelly.
Menkaure, Prince of Dust comes into view.
The howler monkey hits you!
* * * LOW HITPOINT WARNING * * *
The jelly barely misses you.
You sock the jelly! The acid corrodes you!
Your claws burn!
* * * LOW HITPOINT WARNING * * *
The jelly is heavily wounded.
You feel the effects of Trog's Hand fading.
The howler monkey barely misses you. The jelly hits you.
* * * LOW HITPOINT WARNING * * *
The acid corrodes you!
You are splashed with acid!
The acid burns!
* * * LOW HITPOINT WARNING * * *
The howler monkey barely misses you. The jelly hits you.
* * * LOW HITPOINT WARNING * * *
The acid corrodes you!
You are splashed with acid!
The acid burns!
* * * LOW HITPOINT WARNING * * *
You hit the jelly but do no damage.
Your claws burn!
You die...

#.#.# #####.#.#
...>...##
#.......#
#.......#
##.......####
##...hJ.....%.
##.....@.......
.....).....###.
##......#......
##.###<).####.
# ##M[.# .#.#
>#.# !. . [# #


You could see Menkaure, a howler monkey and a jelly.

Vanquished Creatures
  A two-headed ogre (D:5)
  Grinder (D:3)
  Sigmund (D:5)
  A howler monkey (D:3)
  A bullfrog skeleton (D:4)
  An orc priest (D:3)
  A worker ant (D:4)
  Robin (D:3)
  7 adders
  A shadow imp (D:5)
  2 adder skeletons (D:4)
  2 worms
  2 leopard geckos (D:2)
  13 orcs
  2 giant cockroaches (D:2)
  7 hobgoblins
  3 jackals (D:3)
  5 kobolds
  3 quokkas
  A ball python (D:3)
  8 bats
  4 frilled lizards
  13 goblins
  A jackal skeleton (D:4)
  8 rats
90 creatures vanquished.

Notes
Turn   | Place    | Note
-------+----------+-------------------------------------------
     0 | D:1      | Foic the Troll Berserker began the quest for the Orb.
     0 | D:1      | Reached XP level 1. HP: 22/22 MP: 0/0
   355 | D:1      | Reached XP level 2. HP: 29/29 MP: 1/1
   692 | D:2      | Reached skill level 3 in Maces & Flails
   864 | D:2      | Reached ** piety under Trog
   864 | D:2      | Reached XP level 3. HP: 33/36 MP: 2/2
  1356 | D:3      | Noticed Robin
  1384 | D:3      | Killed Robin
  1384 | D:3      | Reached XP level 4. HP: 9/44 MP: 3/3
  1435 | D:3      | Noticed Grinder
  1462 | D:3      | Killed Grinder
  1462 | D:3      | Reached skill level 4 in Maces & Flails
  1462 | D:3      | Reached XP level 5. HP: 53/53 MP: 4/4
  1462 | D:3      | Reached XP level 6. HP: 61/61 MP: 5/5
  1677 | D:3      | Reached skill level 5 in Maces & Flails
  1750 | D:3      | Reached *** piety under Trog
  1917 | D:3      | Found a runed gate.
  1918 | D:3      | Found a runed gate.
  1919 | D:3      | Found a runed gate.
  1921 | D:3      | Noticed NoiZ's ghost (amateur MiFi)
  2199 | D:3      | Found a roughly hewn altar of Beogh.
  2598 | D:4      | Found Lilox's Antique Weapon Boutique.
  2717 | D:4      | Found a shattered altar of Ashenzari.
  2818 | D:4      | Found a burning altar of Makhleb.
  2825 | D:4      | Found a sparkling altar of Nemelex Xobeh.
  3171 | D:5      | Entered Level 5 of the Dungeon
  3171 | D:5      | Noticed a two-headed ogre
  3172 | D:5      | Noticed Sigmund
  3176 | D:5      | Killed a two-headed ogre
  3176 | D:5      | Reached skill level 6 in Maces & Flails
  3176 | D:5      | Reached XP level 7. HP: 56/71 MP: 6/6
  3176 | D:5      | Reached XP level 8. HP: 62/79 MP: 7/7
  3185 | D:5      | Killed Sigmund
  3185 | D:5      | Reached skill level 7 in Maces & Flails
  3190 | D:5      | Noticed Menkaure
  3191 | D:5      | HP: 2/79 [acid (8)]
  3192 | D:5      | Splashed by a jelly's acid

Vault maps used:
D:1:      dpeg_arrival_chase, minmay_misc_feat_roman
D:3:      biasface_ghost_orc_armoury, uniq_grinder, uniq_robin
D:4:      amethyst_overflow_temple_binary, serial_shops, kennysheep_mini,
          ashenzari_altar_1
D:5:      fedhas_altar_4, tgw_trog, minmay_temple_entry_glassed_door,
          first_ration, uniq_sigmund, uniq_menkaure, uniq_ijyb, uniq_edmund,
          uniq_blork_the_orc

Skill      XL: |  1  2  3  4  5  6  7  8 |
---------------+-------------------------+-----
Maces & Flails | 3 4 6 7 |  7.0
Dodging        | 3 4 |  4.6
Fighting       | 3 4 |  4.7
Stealth        | |  0.9

Action                   |  1- 3 |  4- 6 |  7- 9 || total
-------------------------+-------+-------+-------++-------
Melee: Mace              |   119 |   140 |    12 ||   271
Invok: Berserk           |     1 |     4 |       ||     5
       Trog's Hand       |       |       |     1 ||     1
  Use: Scroll            |     5 |     2 |       ||     7
       Potion            |       |     3 |       ||     3
  Eat: Chunk             |    18 |    20 |       ||    38
Armor: Animal skin       |    54 |    42 |     6 ||   102
Dodge: Dodged            |    52 |    81 |    11 ||   144

Table legend:
 A = Spawn XP
 B = Non-spawn XP
 C = Spawn XP percentage of total XP
 D = Spawn monster count
 E = Non-spawn monster count
 F = Spawn count percentage of total count
 G = Total turns spent on level
                    A         B        C        D         E        F      G
               +---------+---------+-------+---------+---------+-------+---------
         Total |       0 |    1834 |   0.0 |       0 |      90 |   0.0 |  3192
               +---------+---------+-------+---------+---------+-------+---------
           D:1 |       0 |      19 |   0.0 |       0 |      15 |   0.0 |   685
           D:2 |       0 |      55 |   0.0 |       0 |      15 |   0.0 |   670
           D:3 |       0 |     507 |   0.0 |       0 |      45 |   0.0 |   859
           D:4 |       0 |     139 |   0.0 |       0 |      12 |   0.0 |   957
           D:5 |       0 |    1114 |   0.0 |       0 |       3 |   0.0 |    21
               +---------+---------+-------+---------+---------+-------+---------
